Senators vs Blues

Created - 28 janvier 2019 at 22:16

Goals
1 2 3 T
Senators 2 0 2 4
Blues 1 0 1 2
Shots
1 2 3 T
Senators 13 14 16 43
Blues 19 7 7 33

1st period

1. Blues , Kris Versteeg 7 (Matt Grzelcyk 12, Lars Eller 13) at 1:02
2. Senators , Patrick Kane 17 (Gustav Nyquist 12) at 1:23
3. Senators , Ben Harpur 3 (Mark Stone 28, Adam Larsson 16) at 10:53 (PP)

Penalties :
Ben Harpur (OTT) for Cross-checking (Minor) at 1:50, Niklas Hjalmarsson (OTT) for Holding (Minor) at 7:03, Kevan Miller (STL) for Tripping (Minor) at 10:22, Brad Marchand (STL) for Goalie Interference (Minor) at 17:11

2nd period

No Goal

Penalties :
Melker Karlsson (STL) for Tripping (Minor) at 19:01

3rd period

4. Senators , Gustav Nyquist 12 (Alexander Wennberg 6, Patrick Kane 23) at 0:53 (PP)
5. Blues , Casey Nelson 4 (Mikael Backlund 24, Brad Marchand 22) at 10:06
6. Senators , Daniel Winnik 4 (Matt Stajan 9, Kevin Bieksa 13) at 12:00

Penalties :
Chris Wagner (STL) for Roughing (Minor) at 2:10

Goalie Stats

Cam Talbot (OTT), 31 saves from 33 shots - (0.939), W, 11-6-3, 60:00 minutes
Ryan Miller (STL), 39 saves from 43 shots - (0.907), L, 11-24-5, 60:00 minutes

Players Stats for Senators

Player Name              G  A  P  +/- PIM S  H  SB GA TA FO     MP     PP MP  PK MP  
------------------------------------------------------------------------------------
Adam Larsson             0  1  1   1  0   2  3  1  0  0  0/0    21:14   3:40   1:45 
Alexander Wennberg       0  1  1   1  0   2  0  0  0  0  18/33  19:53   3:20   0:00 
Ben Harpur               1  0  1   1  2   1  0  3  0  0  0/0    18:40   3:40   1:01 
Daniel Winnik            1  0  1   1  0   1  0  0  0  0  0/1     8:10   0:00   2:16 
Eric Staal               0  0  0  -2  0   7  0  1  0  0  14/23  18:29   3:01   0:00 
Gustav Nyquist           1  1  2   1  0   3  4  0  0  0  1/1    20:34   3:20   0:00 
Jakob Chychrun           0  0  0  -2  0   0  2  0  0  0  0/0    24:19   2:41   2:23 
Jaromir Jagr             0  0  0   0  0   0  0  0  0  0  1/2    11:46   0:00   0:00 
Jason Chimera            0  0  0   0  0   0  0  1  0  0  0/0     2:16   0:00   1:42 
Josh Anderson            0  0  0   0  0   2  2  1  0  0  0/0    11:46   0:00   0:00 
Kevin Bieksa             0  1  1   1  0   1  0  3  0  0  0/0    18:38   2:41   1:57 
Mark Stone               0  1  1  -2  0   7  0  0  0  0  1/2    22:32   3:01   0:00 
Matt Stajan              0  1  1   1  0   1  0  0  0  0  6/17    8:10   0:00   2:16 
Niklas Hjalmarsson       0  0  0  -2  2   1  2  1  0  0  0/0    20:41   0:00   0:50 
Patrick Kane             1  1  2   2  0   8  2  0  0  0  0/0    20:29   3:20   0:00 
Robert Hagg              0  0  0   1  0   0  2  0  0  0  0/0    16:26   0:00   0:00 
Valtteri Filppula        0  0  0   0  0   3  0  0  0  0  9/15   13:28   0:00   1:42 
Vladimir Tarasenko       0  0  0  -2  0   4  0  0  0  0  1/3    18:29   3:01   0:00 

Players Stats for Blues

Player Name              G  A  P  +/- PIM S  H  SB GA TA FO     MP     PP MP  PK MP  
------------------------------------------------------------------------------------
Andreas Martinsen        0  0  0   0  0   0  0  0  0  0  0/0     0:50   0:00   0:50 
Brad Marchand            0  1  1  -1  2   3  1  0  0  0  3/9    18:46   0:00   0:00 
Bryan Rust               0  0  0   0  0   2  1  0  0  0  1/3    22:07   2:10   2:01 
Casey Nelson             1  0  1   0  0   2  0  0  0  0  0/0    14:11   1:48   0:00 
Chris Wagner             0  0  0   1  2   2  6  0  0  0  1/3    15:44   1:48   0:00 
Greg Pateryn             0  0  0   0  0   0  0  0  0  0  0/0     0:10   0:00   0:00 
Johnny Boychuk           0  0  0   0  0   2  2  1  0  0  0/0    25:47   2:10   3:32 
Joseph Morrow            0  0  0   0  0   0  2  0  0  0  0/0    15:33   0:00   3:20 
Kevan Miller             0  0  0   0  2   1  5  0  0  0  0/0    25:15   2:10   3:01 
Kris Versteeg            1  0  1   1  0   2  0  1  0  0  0/0    14:46   1:48   0:00 
Lars Eller               0  1  1   1  0   6  0  0  0  0  21/36  25:13   2:16   4:00 
Luca Sbisa               0  0  0   0  0   0  1  1  0  0  0/0    17:13   0:00   0:00 
Matt Grzelcyk            0  1  1   0  0   2  4  1  0  0  0/0    21:50   1:48   2:49 
Melker Karlsson          0  0  0   0  2   5  1  0  0  0  4/8    14:56   0:00   1:31 
Michael Raffl            0  0  0  -1  0   0  0  0  0  0  8/23   22:32   0:43   0:00 
Mikael Backlund          0  1  1  -1  0   3  0  0  0  0  1/1    11:36   0:00   0:00 
Mike Fisher              0  0  0   0  0   0  0  0  0  0  3/4     2:40   0:59   0:00 
Mikkel Boedker           0  0  0   0  0   3  0  0  0  0  4/10   24:26   2:10   4:20 

3 Stars

1 - Gustav Nyquist (OTT)
2 - Patrick Kane (OTT)
3 - Daniel Winnik (OTT)

Power Play

Senators - 2 on 4 Attempt(s) - 50.00%
Blues - 0 on 2 Attempt(s) - 0.00%

Penalty Kill

Senators - 2 on 2 Attempt(s) - 100.00% - Score 0 goal in Penalty Kill
Blues - 2 on 4 Attempt(s) - 50.00% - Score 0 goal in Penalty Kill

Team Stat

Senators - Hits : 17 - Faceoff Wins : 51 - Blocked Shots : 11 - Penalty Minutes : 4
Blues - Hits : 23 - Faceoff Wins : 46 - Blocked Shots : 4 - Penalty Minutes : 8

Official

Referees : Kevin Pollock and Eric Furlatt
Linesman : Brian Murphy and Jay Sharrers

Game Notes

Mike Fisher is injured at 5:58 of 1st period (Back Spasms)
Jason Chimera is injured at 13:30 of 1st period (Torso)

Finance

Level 1 -- Attendance: 6500 (100.00%) -- Ticket Income 656 500 $
Level 2 -- Attendance: 4076 (81.52%) -- Ticket Income 346 460 $
Level 3 -- Attendance: 3385 (96.71%) -- Ticket Income 203 100 $
Level 4 -- Attendance: 2101 (66.70%) -- Ticket Income 94 545 $
Luxury Box -- Attendance: 913 (91.30%) -- Ticket Income 182 600 $
Game was played at the Scottrade Center.
Total Attendance: 16975 (88.64%)
Total Ticket Income: 1 483 205 $
Other Income: 726 770 $
Total Income: 2 209 975 $

% Time on Ice - Senators

Lines # - Real PCT - Wanted PCT - Time Play
Normal Forward
1 - 31% - 35% - 15:28
2 - 33% - 35% - 16:33
3 - 24% - 20% - 11:46
4 - 12% - 10% - 5:54
Normal Defense
1 - 40% - 40% - 19:52
2 - 32% - 30% - 15:49
3 - 20% - 20% - 10:03
4 - 8% - 10% - 3:57
PP Forward
1 - 48% - 50% - 3:01
2 - 52% - 50% - 3:20
PP Defense
1 - 58% - 60% - 3:40
2 - 42% - 40% - 2:41
PK Forward
1 - 57% - 60% - 2:16
2 - 43% - 40% - 1:42
PK Defense
1 - 55% - 60% - 2:11
2 - 45% - 40% - 1:47
PK3 Forward
1 - 0% - 60%
2 - 0% - 40%
PK3 Defense
1 - 0% - 60%
2 - 0% - 40%
44 Forward
1 - 0% - 60%
2 - 0% - 40%
44 Defense
1 - 0% - 60%
2 - 0% - 40%
Last Minute Offensive  - 0:00
Last Minute Defensive  - 0:00
Total
Forward - 60:00
Defense - 60:00

% Time on Ice - Blues

Lines # - Real PCT - Wanted PCT - Time Play
Normal Forward
1 - 36% - 40% - 17:56
2 - 26% - 30% - 12:58
3 - 19% - 20% - 9:26
4 - 19% - 10% - 9:21
Normal Defense
1 - 36% - 40% - 18:01
2 - 35% - 30% - 17:13
3 - 25% - 20% - 12:23
4 - 4% - 10% - 2:04
PP Forward
1 - 55% - 60% - 2:10
2 - 45% - 40% - 1:48
PP Defense
1 - 55% - 60% - 2:10
2 - 45% - 40% - 1:48
PK Forward
1 - 68% - 60% - 4:20
2 - 32% - 40% - 2:01
PK Defense
1 - 56% - 60% - 3:32
2 - 44% - 40% - 2:49
PK3 Forward
1 - 0% - 60%
2 - 0% - 40%
PK3 Defense
1 - 0% - 60%
2 - 0% - 40%
44 Forward
1 - 0% - 60%
2 - 0% - 40%
44 Defense
1 - 0% - 60%
2 - 0% - 40%
Last Minute Offensive  - 0:00
Last Minute Defensive  - 0:00
Total
Forward - 60:00
Defense - 60:00

Play-by-Play

1st period


0:01 of 1st period - Mikkel Boedker wins face-off versus Eric Staal in neutral zone.
0:15 of 1st period - Shot by Bryan Rust.
0:15 of 1st period - Shot Misses the Net.
0:19 of 1st period - Shot by Bryan Rust.
0:19 of 1st period - Shot Misses the Net.
0:28 of 1st period - Bryan Rust is hit by Jakob Chychrun and loses puck.
0:39 of 1st period - Shot by Bryan Rust.
0:39 of 1st period - Shot Misses the Net.
0:58 of 1st period - Shot by Kris Versteeg.
0:58 of 1st period - Deflect By Lars Eller.
0:58 of 1st period - Shot Misses the Net.
1:02 of 1st period - Shot by Kris Versteeg.
1:02 of 1st period - Goal by Kris Versteeg - Senators : 0 - Blues : 1.
1:03 of 1st period - Alexander Wennberg wins face-off versus Brad Marchand in neutral zone.
1:21 of 1st period - Shot by Gustav Nyquist.
1:21 of 1st period - Shot Misses the Net.
1:23 of 1st period - Shot by Patrick Kane.
1:23 of 1st period - Goal by Patrick Kane - Senators : 1 - Blues : 1.
1:24 of 1st period - Valtteri Filppula wins face-off versus Chris Wagner in neutral zone.
1:24 of 1st period - Josh Anderson is hit by Chris Wagner and loses puck.
1:30 of 1st period - Josh Anderson is hit by Luca Sbisa and loses puck.
1:37 of 1st period - Shot by Valtteri Filppula.
1:37 of 1st period - Shot Misses the Net.
1:50 of 1st period - Minor Penalty to Ben Harpur for Cross-checking.
1:51 of 1st period - Mike Fisher wins face-off versus Matt Stajan in Senators zone.
1:54 of 1st period - Shot by Kevan Miller.
1:54 of 1st period - Shot Misses the Net.
1:56 of 1st period - Shot by Johnny Boychuk.
1:56 of 1st period - Shot Misses the Net.
3:22 of 1st period - Icing by Matt Grzelcyk.
3:23 of 1st period - Lars Eller wins face-off versus Matt Stajan in Blues zone.
3:25 of 1st period - Icing by Matt Grzelcyk.
3:26 of 1st period - Chris Wagner wins face-off versus Matt Stajan in Blues zone.
3:44 of 1st period - Icing by Bryan Rust.
3:45 of 1st period - Mike Fisher wins face-off versus Matt Stajan in Blues zone.
3:55 of 1st period - Patrick Kane is hit by Johnny Boychuk and loses puck.
3:58 of 1st period - Shot by Robert Hagg.
3:58 of 1st period - Shot Misses the Net.
4:04 of 1st period - Shot by Alexander Wennberg.
4:04 of 1st period - Shot Misses the Net.
4:07 of 1st period - Alexander Wennberg is hit by Kevan Miller and loses puck.
4:10 of 1st period - Shot by Patrick Kane.
4:10 of 1st period - Shot Blocked by Johnny Boychuk.
4:18 of 1st period - Shot by Alexander Wennberg.
4:18 of 1st period - Shot Misses the Net.
4:20 of 1st period - Shot by Adam Larsson.
4:20 of 1st period - Shot Misses the Net.
4:28 of 1st period - Shot by Alexander Wennberg.
4:28 of 1st period - Shot Misses the Net.
4:35 of 1st period - Icing by Kevan Miller.
4:36 of 1st period - Eric Staal wins face-off versus Brad Marchand in Blues zone.
4:47 of 1st period - Shot by Vladimir Tarasenko.
4:47 of 1st period - Stopped by Ryan Miller without a rebound.
4:48 of 1st period - Mike Fisher wins face-off versus Valtteri Filppula in Blues zone.
5:07 of 1st period - Shot by Valtteri Filppula.
5:07 of 1st period - Stopped by Ryan Miller without a rebound.
5:08 of 1st period - Lars Eller wins face-off versus Matt Stajan in Blues zone.
5:17 of 1st period - Shot by Lars Eller.
5:17 of 1st period - Shot Misses the Net.
5:19 of 1st period - Shot by Lars Eller.
5:19 of 1st period - Stopped by Cam Talbot with a rebound.
5:21 of 1st period - Shot by Chris Wagner.
5:21 of 1st period - Stopped by Cam Talbot without a rebound.
5:22 of 1st period - Alexander Wennberg wins face-off versus Bryan Rust in Senators zone.
5:27 of 1st period - Shot by Patrick Kane.
5:27 of 1st period - Stopped by Ryan Miller without a rebound.
5:28 of 1st period - Alexander Wennberg wins face-off versus Mike Fisher in Blues zone.
5:57 of 1st period - Mike Fisher is hit by Gustav Nyquist and loses puck.
5:58 of 1st period - Mike Fisher from Blues is injured at 5:58 of 1st period (Back Spasms).
5:59 of 1st period - Lars Eller wins face-off versus Eric Staal in Blues zone.
5:59 of 1st period - Lars Eller is hit by Adam Larsson.
6:10 of 1st period - Vladimir Tarasenko is hit by Chris Wagner and loses puck.
6:24 of 1st period - Shot by Eric Staal.
6:24 of 1st period - Stopped by Ryan Miller without a rebound.
6:25 of 1st period - Michael Raffl wins face-off versus Valtteri Filppula in Blues zone.
6:25 of 1st period - Michael Raffl is hit by Josh Anderson.
6:39 of 1st period - Melker Karlsson is hit by Josh Anderson and loses puck.
6:56 of 1st period - Shot by Brad Marchand.
6:56 of 1st period - Shot Misses the Net.
6:58 of 1st period - Shot by Brad Marchand.
6:58 of 1st period - Stopped by Cam Talbot without a rebound.
6:59 of 1st period - Lars Eller wins face-off versus Alexander Wennberg in Senators zone.
7:03 of 1st period - Minor Penalty to Niklas Hjalmarsson for Holding.
7:04 of 1st period - Matt Stajan wins face-off versus Michael Raffl in Senators zone.
8:06 of 1st period - Shot by Lars Eller.
8:06 of 1st period - Stopped by Cam Talbot with a rebound.
8:08 of 1st period - Shot by Casey Nelson.
8:08 of 1st period - Stopped by Cam Talbot without a rebound.
8:09 of 1st period - Valtteri Filppula wins face-off versus Lars Eller in Senators zone.
8:09 of 1st period - Valtteri Filppula is hit by Chris Wagner.
8:21 of 1st period - Shot by Matt Grzelcyk.
8:21 of 1st period - Stopped by Cam Talbot without a rebound.
8:22 of 1st period - Lars Eller wins face-off versus Valtteri Filppula in Senators zone.
8:23 of 1st period - Shot by Bryan Rust.
8:23 of 1st period - Shot Misses the Net.
8:45 of 1st period - Shot by Bryan Rust.
8:45 of 1st period - Shot Blocked by Ben Harpur.
8:47 of 1st period - Shot by Johnny Boychuk.
8:47 of 1st period - Deflect By Bryan Rust.
8:47 of 1st period - Shot Misses the Net.
8:49 of 1st period - Shot by Kevan Miller.
8:49 of 1st period - Stopped by Cam Talbot without a rebound.
8:50 of 1st period - Matt Stajan wins face-off versus Lars Eller in Senators zone.
9:13 of 1st period - Shot by Patrick Kane.
9:13 of 1st period - Stopped by Ryan Miller without a rebound.
9:14 of 1st period - Eric Staal wins face-off versus Michael Raffl in Blues zone.
9:25 of 1st period - Shot by Brad Marchand.
9:25 of 1st period - Stopped by Cam Talbot without a rebound.
9:26 of 1st period - Michael Raffl wins face-off versus Alexander Wennberg in Senators zone.
9:42 of 1st period - Bryan Rust is hit by Patrick Kane and loses puck.
9:47 of 1st period - Shot by Patrick Kane.
9:47 of 1st period - Stopped by Ryan Miller without a rebound.
9:48 of 1st period - Eric Staal wins face-off versus Lars Eller in Blues zone.
9:59 of 1st period - Shot by Vladimir Tarasenko.
9:59 of 1st period - Shot Blocked by Luca Sbisa.
10:13 of 1st period - Shot by Melker Karlsson.
10:13 of 1st period - Stopped by Cam Talbot with a rebound.
10:17 of 1st period - Shot by Melker Karlsson.
10:17 of 1st period - Stopped by Cam Talbot without a rebound.
10:18 of 1st period - Alexander Wennberg wins face-off versus Michael Raffl in Senators zone.
10:22 of 1st period - Minor Penalty to Kevan Miller for Tripping.
10:23 of 1st period - Alexander Wennberg wins face-off versus Mikkel Boedker in Blues zone.
10:26 of 1st period - Shot by Adam Larsson.
10:26 of 1st period - Stopped by Ryan Miller without a rebound.
10:27 of 1st period - Eric Staal wins face-off versus Mikkel Boedker in Blues zone.
10:49 of 1st period - Shot by Adam Larsson.
10:49 of 1st period - Shot Misses the Net.
10:51 of 1st period - Shot by Mark Stone.
10:51 of 1st period - Shot Misses the Net.
10:53 of 1st period - Shot by Ben Harpur.
10:53 of 1st period - Goal by Ben Harpur - Senators : 2 - Blues : 1.
10:54 of 1st period - Alexander Wennberg wins face-off versus Michael Raffl in neutral zone.
11:02 of 1st period - Shot by Mikael Backlund.
11:02 of 1st period - Stopped by Cam Talbot without a rebound.
11:03 of 1st period - Alexander Wennberg wins face-off versus Brad Marchand in Senators zone.
11:09 of 1st period - Alexander Wennberg is hit by Kevan Miller and loses puck.
11:20 of 1st period - Shot by Brad Marchand.
11:20 of 1st period - Shot Misses the Net.
11:40 of 1st period - Mikael Backlund is hit by Niklas Hjalmarsson.
11:55 of 1st period - Icing by Jakob Chychrun.
11:56 of 1st period - Lars Eller wins face-off versus Alexander Wennberg in Senators zone.
11:56 of 1st period - Bryan Rust is hit by Jakob Chychrun and loses puck.
12:05 of 1st period - Shot by Mikkel Boedker.
12:05 of 1st period - Stopped by Cam Talbot without a rebound.
12:06 of 1st period - Lars Eller wins face-off versus Eric Staal in Senators zone.
12:17 of 1st period - Shot by Kris Versteeg.
12:17 of 1st period - Shot Misses the Net.
12:19 of 1st period - Shot by Chris Wagner.
12:19 of 1st period - Deflect By Kris Versteeg.
12:19 of 1st period - Stopped by Cam Talbot without a rebound.
12:20 of 1st period - Michael Raffl wins face-off versus Jaromir Jagr in Senators zone.
12:32 of 1st period - Shot by Bryan Rust.
12:32 of 1st period - Stopped by Cam Talbot without a rebound.
12:33 of 1st period - Lars Eller wins face-off versus Vladimir Tarasenko in Senators zone.
12:33 of 1st period - Johnny Boychuk is hit by Robert Hagg and loses puck.
12:50 of 1st period - Shot by Lars Eller.
12:50 of 1st period - Stopped by Cam Talbot with a rebound.
12:58 of 1st period - Shot by Eric Staal.
12:58 of 1st period - Shot Misses the Net.
13:10 of 1st period - Shot by Mark Stone.
13:10 of 1st period - Stopped by Ryan Miller without a rebound.
13:11 of 1st period - Matt Stajan wins face-off versus Michael Raffl in Blues zone.
13:13 of 1st period - Daniel Winnik is hit by Matt Grzelcyk and loses puck.
13:30 of 1st period - Shot by Michael Raffl.
13:30 of 1st period - Shot Blocked by Jason Chimera.
13:30 of 1st period - Jason Chimera from Senators is injured at 13:30 of 1st period (Torso).
13:31 of 1st period - Alexander Wennberg wins face-off versus Michael Raffl in Senators zone.
14:07 of 1st period - Shot by Brad Marchand.
14:07 of 1st period - Stopped by Cam Talbot without a rebound.
14:08 of 1st period - Lars Eller wins face-off versus Eric Staal in Senators zone.
14:15 of 1st period - Shot by Bryan Rust.
14:15 of 1st period - Stopped by Cam Talbot with a rebound.
14:23 of 1st period - Shot by Bryan Rust.
14:23 of 1st period - Shot Misses the Net.
14:31 of 1st period - Shot by Mikkel Boedker.
14:31 of 1st period - Shot Misses the Net.
14:33 of 1st period - Shot by Bryan Rust.
14:33 of 1st period - Shot Blocked by Eric Staal.
14:41 of 1st period - Shot by Lars Eller.
14:41 of 1st period - Shot Misses the Net.
14:43 of 1st period - Shot by Johnny Boychuk.
14:43 of 1st period - Stopped by Cam Talbot without a rebound.
14:44 of 1st period - Valtteri Filppula wins face-off versus Lars Eller in Senators zone.
14:44 of 1st period - Josh Anderson is hit by Melker Karlsson and loses puck.
15:59 of 1st period - Shot by Gustav Nyquist.
15:59 of 1st period - Shot Misses the Net.
16:12 of 1st period - Icing by Patrick Kane.
16:13 of 1st period - Alexander Wennberg wins face-off versus Melker Karlsson in Senators zone.
16:17 of 1st period - Off-side.
16:18 of 1st period - Eric Staal wins face-off versus Brad Marchand in neutral zone.
17:11 of 1st period - Minor Penalty to Brad Marchand for Goalie Interference.
17:12 of 1st period - Mikkel Boedker wins face-off versus Alexander Wennberg in Blues zone.
17:23 of 1st period - Shot by Gustav Nyquist.
17:23 of 1st period - Stopped by Ryan Miller without a rebound.
17:24 of 1st period - Alexander Wennberg wins face-off versus Lars Eller in Blues zone.
18:24 of 1st period - Shot by Eric Staal.
18:24 of 1st period - Stopped by Ryan Miller without a rebound.
18:25 of 1st period - Eric Staal wins face-off versus Bryan Rust in Blues zone.
18:36 of 1st period - Shot by Mark Stone.
18:36 of 1st period - Stopped by Ryan Miller with a rebound.
18:38 of 1st period - Shot by Mark Stone.
18:38 of 1st period - Shot Misses the Net.
Goals for this period are 2 for Senators vs 1 for Blues.
Shots for this period are 13 for Senators vs 19 for Blues.

2nd period


0:01 of 2nd period - Vladimir Tarasenko wins face-off versus Michael Raffl in neutral zone.
0:04 of 2nd period - Shot by Mark Stone.
0:04 of 2nd period - Stopped by Ryan Miller without a rebound.
0:05 of 2nd period - Eric Staal wins face-off versus Michael Raffl in Blues zone.
0:13 of 2nd period - Shot by Eric Staal.
0:13 of 2nd period - Shot Misses the Net.
0:37 of 2nd period - Shot by Eric Staal.
0:37 of 2nd period - Stopped by Ryan Miller without a rebound.
0:38 of 2nd period - Lars Eller wins face-off versus Alexander Wennberg in Blues zone.
0:51 of 2nd period - Shot by Chris Wagner.
0:51 of 2nd period - Shot Blocked by Kevin Bieksa.
0:53 of 2nd period - Shot by Matt Grzelcyk.
0:53 of 2nd period - Shot Blocked by Ben Harpur.
1:03 of 2nd period - Shot by Lars Eller.
1:03 of 2nd period - Stopped by Cam Talbot without a rebound.
1:04 of 2nd period - Michael Raffl wins face-off versus Matt Stajan in Senators zone.
1:13 of 2nd period - Michael Raffl is hit by Adam Larsson and loses puck.
1:22 of 2nd period - Shot by Mark Stone.
1:22 of 2nd period - Shot Hit the Post.
1:53 of 2nd period - Off-side.
1:54 of 2nd period - Lars Eller wins face-off versus Alexander Wennberg in neutral zone.
2:11 of 2nd period - Shot by Bryan Rust.
2:11 of 2nd period - Deflect By Lars Eller.
2:11 of 2nd period - Stopped by Cam Talbot without a rebound.
2:12 of 2nd period - Valtteri Filppula wins face-off versus Lars Eller in Senators zone.
2:12 of 2nd period - Valtteri Filppula is hit by Chris Wagner.
2:20 of 2nd period - Icing by Luca Sbisa.
2:21 of 2nd period - Alexander Wennberg wins face-off versus Lars Eller in Blues zone.
2:24 of 2nd period - Shot by Patrick Kane.
2:24 of 2nd period - Shot Misses the Net.
2:26 of 2nd period - Shot by Niklas Hjalmarsson.
2:26 of 2nd period - Stopped by Ryan Miller without a rebound.
2:27 of 2nd period - Eric Staal wins face-off versus Michael Raffl in Blues zone.
2:33 of 2nd period - Icing by Kevan Miller.
2:34 of 2nd period - Eric Staal wins face-off versus Michael Raffl in Blues zone.
2:41 of 2nd period - Shot by Eric Staal.
2:41 of 2nd period - Shot Misses the Net.
2:43 of 2nd period - Shot by Niklas Hjalmarsson.
2:43 of 2nd period - Shot Misses the Net.
2:59 of 2nd period - Shot by Vladimir Tarasenko.
2:59 of 2nd period - Shot Misses the Net.
3:01 of 2nd period - Shot by Mark Stone.
3:01 of 2nd period - Shot Misses the Net.
3:05 of 2nd period - Shot by Eric Staal.
3:05 of 2nd period - Shot Misses the Net.
3:07 of 2nd period - Shot by Vladimir Tarasenko.
3:07 of 2nd period - Shot Misses the Net.
3:11 of 2nd period - Shot by Vladimir Tarasenko.
3:11 of 2nd period - Shot Misses the Net.
3:13 of 2nd period - Shot by Eric Staal.
3:13 of 2nd period - Stopped by Ryan Miller with a rebound.
5:13 of 2nd period - Shot by Brad Marchand.
5:13 of 2nd period - Deflect By Mikael Backlund.
5:13 of 2nd period - Stopped by Cam Talbot without a rebound.
5:14 of 2nd period - Mikael Backlund wins face-off versus Eric Staal in Senators zone.
5:27 of 2nd period - Shot by Eric Staal.
5:27 of 2nd period - Shot Misses the Net.
5:37 of 2nd period - Shot by Vladimir Tarasenko.
5:37 of 2nd period - Shot Misses the Net.
5:40 of 2nd period - Mark Stone is hit by Joseph Morrow and loses puck.
6:25 of 2nd period - Shot by Alexander Wennberg.
6:25 of 2nd period - Stopped by Ryan Miller without a rebound.
6:26 of 2nd period - Michael Raffl wins face-off versus Matt Stajan in Blues zone.
6:33 of 2nd period - Shot by Mikkel Boedker.
6:33 of 2nd period - Shot Misses the Net.
6:35 of 2nd period - Shot by Mikkel Boedker.
6:35 of 2nd period - Shot Misses the Net.
6:37 of 2nd period - Shot by Johnny Boychuk.
6:37 of 2nd period - Stopped by Cam Talbot without a rebound.
6:38 of 2nd period - Lars Eller wins face-off versus Matt Stajan in Senators zone.
7:50 of 2nd period - Off-side.
7:51 of 2nd period - Valtteri Filppula wins face-off versus Lars Eller in neutral zone.
7:53 of 2nd period - Josh Anderson is hit by Joseph Morrow and loses puck.
7:57 of 2nd period - Icing by Casey Nelson.
7:58 of 2nd period - Lars Eller wins face-off versus Alexander Wennberg in Blues zone.
7:58 of 2nd period - Lars Eller is hit by Gustav Nyquist.
9:12 of 2nd period - Icing by Niklas Hjalmarsson.
9:13 of 2nd period - Brad Marchand wins face-off versus Alexander Wennberg in Senators zone.
9:15 of 2nd period - Mikael Backlund is hit by Niklas Hjalmarsson and loses puck.
9:34 of 2nd period - Shot by Mark Stone.
9:34 of 2nd period - Stopped by Ryan Miller without a rebound.
9:35 of 2nd period - Eric Staal wins face-off versus Melker Karlsson in Blues zone.
9:44 of 2nd period - Shot by Mark Stone.
9:44 of 2nd period - Shot Misses the Net.
9:46 of 2nd period - Shot by Robert Hagg.
9:46 of 2nd period - Shot Misses the Net.
9:48 of 2nd period - Shot by Eric Staal.
9:48 of 2nd period - Stopped by Ryan Miller without a rebound.
9:49 of 2nd period - Lars Eller wins face-off versus Valtteri Filppula in Blues zone.
10:08 of 2nd period - Shot by Josh Anderson.
10:08 of 2nd period - Shot Misses the Net.
10:37 of 2nd period - Icing by Valtteri Filppula.
10:38 of 2nd period - Valtteri Filppula wins face-off versus Michael Raffl in Senators zone.
11:31 of 2nd period - Shot by Eric Staal.
11:31 of 2nd period - Stopped by Ryan Miller with a rebound.
11:33 of 2nd period - Shot by Mark Stone.
11:33 of 2nd period - Stopped by Ryan Miller with a rebound.
11:35 of 2nd period - Shot by Vladimir Tarasenko.
11:35 of 2nd period - Shot Misses the Net.
11:44 of 2nd period - Shot by Vladimir Tarasenko.
11:44 of 2nd period - Shot Misses the Net.
11:46 of 2nd period - Shot by Vladimir Tarasenko.
11:46 of 2nd period - Stopped by Ryan Miller without a rebound.
11:47 of 2nd period - Alexander Wennberg wins face-off versus Lars Eller in Blues zone.
11:50 of 2nd period - Shot by Patrick Kane.
11:50 of 2nd period - Shot Misses the Net.
11:53 of 2nd period - Icing by Luca Sbisa.
11:54 of 2nd period - Lars Eller wins face-off versus Alexander Wennberg in Blues zone.
12:29 of 2nd period - Icing by Niklas Hjalmarsson.
12:30 of 2nd period - Alexander Wennberg wins face-off versus Melker Karlsson in Senators zone.
12:45 of 2nd period - Shot by Patrick Kane.
12:45 of 2nd period - Shot Blocked by Kris Versteeg.
13:00 of 2nd period - Shot by Chris Wagner.
13:00 of 2nd period - Stopped by Cam Talbot without a rebound.
13:01 of 2nd period - Michael Raffl wins face-off versus Matt Stajan in Senators zone.
13:34 of 2nd period - Shot by Mark Stone.
13:34 of 2nd period - Stopped by Ryan Miller without a rebound.
13:35 of 2nd period - Lars Eller wins face-off versus Valtteri Filppula in Blues zone.
13:50 of 2nd period - Icing by Kris Versteeg.
13:51 of 2nd period - Alexander Wennberg wins face-off versus Lars Eller in Blues zone.
14:34 of 2nd period - Shot by Melker Karlsson.
14:34 of 2nd period - Stopped by Cam Talbot without a rebound.
14:35 of 2nd period - Michael Raffl wins face-off versus Mark Stone in Senators zone.
14:35 of 2nd period - Bryan Rust is hit by Robert Hagg and loses puck.
14:47 of 2nd period - Vladimir Tarasenko is hit by Kevan Miller and loses puck.
15:17 of 2nd period - Eric Staal is hit by Johnny Boychuk and loses puck.
15:47 of 2nd period - Shot by Josh Anderson.
15:47 of 2nd period - Deflect By Valtteri Filppula.
15:47 of 2nd period - Shot Misses the Net.
15:49 of 2nd period - Shot by Kevin Bieksa.
15:49 of 2nd period - Deflect By Josh Anderson.
15:49 of 2nd period - Stopped by Ryan Miller without a rebound.
15:50 of 2nd period - Gustav Nyquist wins face-off versus Lars Eller in Blues zone.
16:18 of 2nd period - Niklas Hjalmarsson is hit by Chris Wagner and loses puck.
16:33 of 2nd period - Melker Karlsson is hit by Gustav Nyquist and loses puck.
17:04 of 2nd period - Shot by Josh Anderson.
17:04 of 2nd period - Stopped by Ryan Miller with a rebound.
17:30 of 2nd period - Shot by Mikkel Boedker.
17:30 of 2nd period - Stopped by Cam Talbot without a rebound.
17:31 of 2nd period - Eric Staal wins face-off versus Mikkel Boedker in Senators zone.
17:46 of 2nd period - Shot by Eric Staal.
17:46 of 2nd period - Shot Misses the Net.
18:16 of 2nd period - Icing by Robert Hagg.
18:17 of 2nd period - Lars Eller wins face-off versus Eric Staal in Senators zone.
18:51 of 2nd period - Chris Wagner is hit by Patrick Kane and loses puck.
19:01 of 2nd period - Minor Penalty to Melker Karlsson for Tripping.
19:02 of 2nd period - Alexander Wennberg wins face-off versus Mikkel Boedker in Blues zone.
19:21 of 2nd period - Shot by Alexander Wennberg.
19:21 of 2nd period - Deflect By Patrick Kane.
19:21 of 2nd period - Shot Misses the Net.
19:23 of 2nd period - Shot by Jakob Chychrun.
19:23 of 2nd period - Shot Hit the Post.
19:25 of 2nd period - Shot by Kevin Bieksa.
19:25 of 2nd period - Stopped by Ryan Miller without a rebound.
19:26 of 2nd period - Bryan Rust wins face-off versus Alexander Wennberg in Blues zone.
Goals for this period are 0 for Senators vs 0 for Blues.
Shots for this period are 14 for Senators vs 7 for Blues.

3rd period


0:01 of 3rd period - Eric Staal wins face-off versus Mikkel Boedker in neutral zone.
0:18 of 3rd period - Shot by Eric Staal.
0:18 of 3rd period - Stopped by Ryan Miller without a rebound.
0:19 of 3rd period - Alexander Wennberg wins face-off versus Mikkel Boedker in Blues zone.
0:20 of 3rd period - Shot by Kevin Bieksa.
0:20 of 3rd period - Deflect By Patrick Kane.
0:20 of 3rd period - Stopped by Ryan Miller without a rebound.
0:21 of 3rd period - Mikkel Boedker wins face-off versus Alexander Wennberg in Blues zone.
0:51 of 3rd period - Shot by Gustav Nyquist.
0:51 of 3rd period - Shot Misses the Net.
0:53 of 3rd period - Shot by Gustav Nyquist.
0:53 of 3rd period - Goal by Gustav Nyquist - Senators : 3 - Blues : 1.
0:54 of 3rd period - Brad Marchand wins face-off versus Eric Staal in neutral zone.
1:21 of 3rd period - Shot by Vladimir Tarasenko.
1:21 of 3rd period - Shot Misses the Net.
1:29 of 3rd period - Shot by Mark Stone.
1:29 of 3rd period - Shot Misses the Net.
1:31 of 3rd period - Shot by Mark Stone.
1:31 of 3rd period - Stopped by Ryan Miller without a rebound.
1:32 of 3rd period - Alexander Wennberg wins face-off versus Lars Eller in Blues zone.
1:47 of 3rd period - Shot by Lars Eller.
1:47 of 3rd period - Deflect By Kris Versteeg.
1:47 of 3rd period - Shot Misses the Net.
2:10 of 3rd period - Minor Penalty to Chris Wagner for Roughing.
2:11 of 3rd period - Mikkel Boedker wins face-off versus Eric Staal in Blues zone.
2:21 of 3rd period - Vladimir Tarasenko is hit by Matt Grzelcyk and loses puck.
4:02 of 3rd period - Eric Staal is hit by Matt Grzelcyk and loses puck.
4:15 of 3rd period - Shot by Valtteri Filppula.
4:15 of 3rd period - Shot Misses the Net.
4:17 of 3rd period - Shot by Valtteri Filppula.
4:17 of 3rd period - Shot Misses the Net.
4:19 of 3rd period - Shot by Valtteri Filppula.
4:19 of 3rd period - Stopped by Ryan Miller without a rebound.
4:20 of 3rd period - Brad Marchand wins face-off versus Matt Stajan in Blues zone.
4:52 of 3rd period - Shot by Gustav Nyquist.
4:52 of 3rd period - Shot Blocked by Matt Grzelcyk.
5:23 of 3rd period - Shot by Casey Nelson.
5:23 of 3rd period - Shot Misses the Net.
5:25 of 3rd period - Shot by Bryan Rust.
5:25 of 3rd period - Shot Misses the Net.
5:27 of 3rd period - Shot by Mikkel Boedker.
5:27 of 3rd period - Shot Blocked by Josh Anderson.
5:29 of 3rd period - Shot by Melker Karlsson.
5:29 of 3rd period - Shot Blocked by Ben Harpur.
5:31 of 3rd period - Shot by Melker Karlsson.
5:31 of 3rd period - Stopped by Cam Talbot without a rebound.
5:32 of 3rd period - Lars Eller wins face-off versus Vladimir Tarasenko in Senators zone.
5:57 of 3rd period - Shot by Vladimir Tarasenko.
5:57 of 3rd period - Stopped by Ryan Miller without a rebound.
5:58 of 3rd period - Matt Stajan wins face-off versus Michael Raffl in Blues zone.
6:01 of 3rd period - Shot by Matt Stajan.
6:01 of 3rd period - Stopped by Ryan Miller with a rebound.
6:03 of 3rd period - Shot by Adam Larsson.
6:03 of 3rd period - Stopped by Ryan Miller without a rebound.
6:04 of 3rd period - Jaromir Jagr wins face-off versus Michael Raffl in Blues zone.
6:20 of 3rd period - Off-side.
6:21 of 3rd period - Eric Staal wins face-off versus Lars Eller in neutral zone.
6:29 of 3rd period - Niklas Hjalmarsson is hit by Bryan Rust and loses puck.
6:46 of 3rd period - Shot by Lars Eller.
6:46 of 3rd period - Deflect By Bryan Rust.
6:46 of 3rd period - Shot Misses the Net.
6:48 of 3rd period - Shot by Lars Eller.
6:48 of 3rd period - Stopped by Cam Talbot with a rebound.
6:50 of 3rd period - Shot by Mikkel Boedker.
6:50 of 3rd period - Shot Blocked by Niklas Hjalmarsson.
7:29 of 3rd period - Shot by Mikael Backlund.
7:29 of 3rd period - Stopped by Cam Talbot without a rebound.
7:30 of 3rd period - Michael Raffl wins face-off versus Alexander Wennberg in Senators zone.
7:39 of 3rd period - Shot by Patrick Kane.
7:39 of 3rd period - Stopped by Ryan Miller without a rebound.
7:40 of 3rd period - Valtteri Filppula wins face-off versus Michael Raffl in Blues zone.
7:59 of 3rd period - Shot by Matt Grzelcyk.
7:59 of 3rd period - Stopped by Cam Talbot without a rebound.
8:00 of 3rd period - Alexander Wennberg wins face-off versus Melker Karlsson in Senators zone.
8:07 of 3rd period - Alexander Wennberg is hit by Kevan Miller and loses puck.
8:14 of 3rd period - Shot by Patrick Kane.
8:14 of 3rd period - Shot Misses the Net.
8:56 of 3rd period - Alexander Wennberg is hit by Chris Wagner and loses puck.
9:03 of 3rd period - Shot by Lars Eller.
9:03 of 3rd period - Deflect By Kris Versteeg.
9:03 of 3rd period - Shot Blocked by Kevin Bieksa.
9:46 of 3rd period - Icing by Joseph Morrow.
9:47 of 3rd period - Eric Staal wins face-off versus Brad Marchand in Blues zone.
10:04 of 3rd period - Shot by Mikael Backlund.
10:04 of 3rd period - Shot Misses the Net.
10:06 of 3rd period - Shot by Casey Nelson.
10:06 of 3rd period - Goal by Casey Nelson - Senators : 3 - Blues : 2.
10:07 of 3rd period - Lars Eller wins face-off versus Valtteri Filppula in neutral zone.
10:34 of 3rd period - Shot by Valtteri Filppula.
10:34 of 3rd period - Stopped by Ryan Miller with a rebound.
11:10 of 3rd period - Mark Stone is hit by Brad Marchand and loses puck.
11:28 of 3rd period - Shot by Vladimir Tarasenko.
11:28 of 3rd period - Shot Misses the Net.
11:58 of 3rd period - Shot by Matt Stajan.
11:58 of 3rd period - Shot Misses the Net.
12:00 of 3rd period - Shot by Daniel Winnik.
12:00 of 3rd period - Goal by Daniel Winnik - Senators : 4 - Blues : 2.
12:01 of 3rd period - Matt Stajan wins face-off versus Lars Eller in neutral zone.
12:04 of 3rd period - Shot by Gustav Nyquist.
12:04 of 3rd period - Stopped by Ryan Miller without a rebound.
12:05 of 3rd period - Matt Stajan wins face-off versus Lars Eller in Blues zone.
12:26 of 3rd period - Shot by Bryan Rust.
12:26 of 3rd period - Shot Misses the Net.
12:37 of 3rd period - Icing by Johnny Boychuk.
12:38 of 3rd period - Lars Eller wins face-off versus Alexander Wennberg in Blues zone.
12:38 of 3rd period - Lars Eller is hit by Gustav Nyquist.
12:47 of 3rd period - Off-side.
12:48 of 3rd period - Valtteri Filppula wins face-off versus Chris Wagner in neutral zone.
14:00 of 3rd period - Shot by Patrick Kane.
14:00 of 3rd period - Stopped by Ryan Miller with a rebound.
14:06 of 3rd period - Shot by Patrick Kane.
14:06 of 3rd period - Stopped by Ryan Miller without a rebound.
14:07 of 3rd period - Lars Eller wins face-off versus Eric Staal in Blues zone.
14:33 of 3rd period - Shot by Vladimir Tarasenko.
14:33 of 3rd period - Stopped by Ryan Miller with a rebound.
14:35 of 3rd period - Shot by Eric Staal.
14:35 of 3rd period - Shot Misses the Net.
15:16 of 3rd period - Patrick Kane is hit by Kevan Miller and loses puck.
15:27 of 3rd period - Shot by Patrick Kane.
15:27 of 3rd period - Deflect By Alexander Wennberg.
15:27 of 3rd period - Stopped by Ryan Miller without a rebound.
15:28 of 3rd period - Mark Stone wins face-off versus Brad Marchand in Blues zone.
15:32 of 3rd period - Matt Stajan is hit by Matt Grzelcyk and loses puck.
16:01 of 3rd period - Shot by Brad Marchand.
16:01 of 3rd period - Shot Blocked by Kevin Bieksa.
16:03 of 3rd period - Shot by Brad Marchand.
16:03 of 3rd period - Shot Misses the Net.
16:05 of 3rd period - Shot by Michael Raffl.
16:05 of 3rd period - Shot Misses the Net.
16:26 of 3rd period - Shot by Melker Karlsson.
16:26 of 3rd period - Stopped by Cam Talbot without a rebound.
16:27 of 3rd period - Melker Karlsson wins face-off versus Alexander Wennberg in Senators zone.
16:28 of 3rd period - Shot by Mikkel Boedker.
16:28 of 3rd period - Stopped by Cam Talbot without a rebound.
16:29 of 3rd period - Melker Karlsson wins face-off versus Alexander Wennberg in Senators zone.
17:32 of 3rd period - Icing by Matt Grzelcyk.
17:33 of 3rd period - Valtteri Filppula wins face-off versus Michael Raffl in Blues zone.
17:52 of 3rd period - Shot by Brad Marchand.
17:52 of 3rd period - Shot Blocked by Adam Larsson.
18:15 of 3rd period - Chris Wagner is hit by Adam Larsson and loses puck.
18:30 of 3rd period - Shot by Lars Eller.
18:30 of 3rd period - Deflect By Kris Versteeg.
18:30 of 3rd period - Shot Misses the Net.
19:47 of 3rd period - Icing by Bryan Rust.
19:48 of 3rd period - Melker Karlsson wins face-off versus Daniel Winnik in Blues zone.
19:52 of 3rd period - Icing by Melker Karlsson.
19:53 of 3rd period - Melker Karlsson wins face-off versus Matt Stajan in Blues zone.
Goals for this period are 2 for Senators vs 1 for Blues.
Shots for this period are 16 for Senators vs 7 for Blues.